 Dungeon Crawl Stone Soup version 0.17-a0-1132-g5dd4065 (console) character file.

183 Monkaria the Slasher (level 5, -2/42 HPs)
             Began as a Demonspawn Chaos Knight on May 25, 2015.
             Slain by Sigmund
             ... wielding a +3 scythe of freezing
              (9 damage)
             ... on level 3 of the Dungeon.
             The game lasted 00:03:11 (1964 turns).

Monkaria the Slasher (Demonspawn Chaos Knight)      Turns: 1964, Time: 00:03:11

Health: -2/42      AC:  6    Str: 14    XL:     5   Next: 35%
Magic:  0/5        EV: 10    Int: 13    God:    Xom [.*....]
Gold:   185        SH:  0    Dex: 10    Spells: 0 memorised, 4 levels left

rFire  . . .     SeeInvis .     a - +0 falchion (chaos)
rCold  + + .     Clarity  .     l - +0 ring mail (curse)
rNeg   + . .     SustAt   .     (no shield)
rPois  .         Gourm    .     (helmet restricted)
rElec  .         Spirit   +     i - +0 cloak
rCorr  .         Warding  .     (no gloves)
rMut   .         Stasis   .     (no boots)
MR     .....                    (no amulet)
Stlth  ..........               (no ring)
                                n - ring of positive energy

@: not resistant to hostile enchantments, extremely unstealthy
A: antennae 1, blurry vision 1, clumsy 1, cold resistance 2, magic shield, magic
regeneration, magic link
a: Renounce Religion


You were on level 3 of the Dungeon.
You worshipped Xom.
You were a plaything of Xom.
You were hungry.

You visited 1 branch of the dungeon, and saw 3 of its levels.

You collected 185 gold pieces.

Inventory:

Hand weapons
 a - a +0 falchion of chaos (weapon)
Missiles
 m - 20 poisoned needles
Armour
 b - a +2 leather armour
 i - a +0 cloak (worn)
 l - a cursed +0 ring mail (worn)
Jewellery
 n - a ring of positive energy (left hand)
Magical devices
 u - a wand of digging (24)
Scrolls
 g - a scroll of immolation {unknown}
 j - a scroll of identify {unknown}
 k - 4 scrolls of remove curse {unknown}
 p - a scroll of enchant weapon {unknown}
 s - a scroll of magic mapping {unknown}
Miscellaneous
 o - a plain deck of summoning
Comestibles
 c - 3 bread rations
 d - a meat ration
 r - a slice of pizza
 t - a beef jerky


   Skills:
 - Level 4.0 Fighting
 + Level 5.0 Long Blades
 - Level 1.7 Armour
 - Level 0.8 Dodging


You had 4 spell levels left.
You didn't know any spells.

Dungeon Overview and Level Annotations

Branches:
Dungeon (3/15)

Altars:
Dithmenos
Nemelex Xobeh
Ru
Zin

Annotations:
D:3 Sigmund


Innate Abilities, Weirdness & Mutations

You have a pair of small antennae on your head.
When hurt, damage is shared between your health and your magic reserves.
You regenerate magic rapidly.
When low on magic, you restore magic in place of health.
Scrolls take you a little longer to read.
You are clumsy. (Dex -2)
Your flesh is very cold resistant.


Message History

You barely miss something. You hit something. You hit something.
Something shouts, "What's happening?!"
You closely miss something. Something hits you! Something freezes you.
You miss something. You hit something.
Nothing appears to happen.
Something hits you! Something freezes you.
You miss something.
You hear some strange, mumbled words.
A puff of flame appears from out of thin air!
The puff of flame misses you.
You hear some strange, mumbled words.
A magic dart appears from out of thin air!
The magic dart hits you!
* * * LOW HITPOINT WARNING * * *
You slash something! Something hits you.
* * * LOW HITPOINT WARNING * * *
You closely miss something. Something hits you!
You die...

...#######.#
#..............#.# .
#..............#.#
#.#.....##.......#..
.#>... ............ ....
#.......... #..#
#.#####.#.# # #{.# .#
#...... .
...##.#@.##.##.###.....#
.............(............
....#####.###.#.....#....
.##. #.# #.#.....###..
.....#####.# #.#####. ###
...........# #.# #.
##......### #)#
##.###.#####.#####. ## ..
#.............# ...


There were no monsters in sight!

Vanquished Creatures
  A swamp drake (shapeshifter) (D:3)
  2 adders
  2 oozes
  A worm (D:2)
  2 giant cockroaches (D:3)
  7 goblins
  4 hobgoblins
  2 quokkas
  A ball python (D:3)
  4 bats
  3 giant geckos
  2 giant newts (D:2)
  8 kobolds
  8 rats
47 creatures vanquished.

Notes
Turn   | Place    | Note
--------------------------------------------------------------
     0 | D:1      | Monkaria the Demonspawn Chaos Knight began the quest for the Orb.
     0 | D:1      | Reached XP level 1. HP: 18/18 MP: 1/1
    65 | D:1      | XOM: potion effect (brilliance)
    71 | D:1      | Gained mutation: When hurt, damage is shared between your health and your magic reserves. [demonic ancestry]
    71 | D:1      | Reached XP level 2. HP: 13/25 MP: 2/2
   250 | D:1      | XOM: silly message
   439 | D:1      | XOM: noise
   485 | D:1      | XOM: noise
   622 | D:2      | Found a shadowy altar of Dithmenos.
   629 | D:2      | Reached skill level 4 in Fighting
   806 | D:2      | Found a sparkling altar of Nemelex Xobeh.
   811 | D:2      | XOM: silly message
   865 | D:2      | Found a sacrificial altar of Ru.
   999 | D:2      | Gained mutation: You regenerate magic rapidly. [demonic ancestry]
   999 | D:2      | Reached XP level 3. HP: 30/30 MP: 3/3
  1038 | D:2      | Found a glowing silver altar of Zin.
  1112 | D:2      | XOM: harmless Necr miscast
  1186 | D:2      | XOM: smoke on damage
  1456 | D:3      | Noticed a sky beast
  1456 | D:3      | XOM: enchant monster (good)
  1460 | D:3      | XOM: 4-stop teleportation journey
  1684 | D:3      | Noticed a swamp drake
  1689 | D:3      | Killed a swamp drake
  1689 | D:3      | Gained mutation: When low on magic, you restore magic in place of health. [demonic ancestry]
  1689 | D:3      | Reached XP level 4. HP: 28/37 MP: 2/4
  1689 | D:3      | Gained mutation: You have a pair of small antennae on your head. [demonic ancestry]
  1689 | D:3      | Reached XP level 5. HP: 32/42 MP: 2/5
  1731 | D:3      | Gained mutation: Scrolls take you a little longer to read. [mutagenic meat]
  1732 | D:3      | Gained mutation: Your flesh is cold resistant. [mutagenic meat]
  1733 | D:3      | Gained mutation: You are clumsy. (Dex -2) [mutagenic meat]
  1734 | D:3      | Gained mutation: Your flesh is very cold resistant. [mutagenic meat]
  1794 | D:3      | Reached skill level 5 in Long Blades
  1845 | D:3      | XOM: smoke on damage
  1926 | D:3      | Noticed Sigmund
  1933 | D:3      | XOM: confusion (+ monsters)
  1964 | D:3      | Slain by Sigmund

Vault maps used:
D:1:      minmay_arrival_wavy_path, st_stairs_7
D:2:      hangedman_ru_absence, nemelex_deck, zin_statuary,
          grunt_dithmenos_smoke_and_mirrors, first_bread
D:3:      uniq_sigmund

Action                   |  1- 3 |  4- 6 || total
-------------------------+-------+-------++-------
Melee: Falchion          |   133 |    68 ||   201
  Use: Potion            |     4 |       ||     4
       Scroll            |       |     3 ||     3
 Stab: Paralysed         |     5 |       ||     5
       Petrifying        |       |     3 ||     3
       Confused          |       |     1 ||     1
  Eat: Chunk             |     2 |     5 ||     7
